 Dungeon Crawl Stone Soup version 0.25.1-2-g60ff931df9 (webtiles) character file.

Game seed: 5318183999305967360

670 deluxius the Slasher (level 7, -3/55 HPs)
             Began as a Human Abyssal Knight on Aug 12, 2020.
             Was a Believer of Lugonu.
             Slain by an ice beast (14 damage)
             ... on level 5 of the Dungeon.
             The game lasted 00:16:02 (4841 turns).

deluxius the Slasher (Human Abyssal Knight)         Turns: 4841, Time: 00:16:03

Health: -3/55      AC: 13    Str: 15    XL:     7   Next: 89%
Magic:  8/8        EV:  5    Int: 12    God:    Lugonu [**....]
Gold:   204        SH:  0    Dex: 12    Spells: 6/6 levels left

rFire    . . .     SeeInvis .   a - +1 falchion
rCold    . . .     Gourm    .   (no shield)
rNeg     . . .     Faith    .   q - +0 plate armour
rPois    .         Spirit   .   (no helmet)
rElec    .         Reflect  .   (no cloak)
rCorr    .         Harm     .   e - +0 pair of gloves
MR       .....                  (no boots)
Stlth    ..........             (no amulet)
HPRegen  0.18/turn              (no ring)
MPRegen  0.11/turn              (no ring)

@: no status effects
A: no striking features
a: Depart the Abyss, Bend Space, Renounce Religion


You were on level 5 of the Dungeon.
You worshipped Lugonu.
Lugonu was pleased with you.
You were not hungry.

You visited 1 branch of the dungeon, and saw 5 of its levels.
You visited the Abyss 1 time.

You collected 204 gold pieces.

Inventory:

Hand Weapons
 a - a +1 falchion (weapon)
 D - a +0 falchion
 F - a +0 scythe
Missiles
 f - 23 poisoned darts (quivered)
Armour
 b - a +0 leather armour
 e - a +0 pair of gloves (worn)
 i - a +0 chain mail
 o - a +0 scale mail
 q - a +0 plate armour (worn)
 w - a +0 chain mail
Wands
 t - a wand of polymorph (8)
 u - a wand of flame (17)
 E - a wand of random effects (10)
Scrolls
 c - 4 scrolls of remove curse {unknown}
 h - a scroll of enchant armour {unknown}
 j - 2 scrolls of amnesia {unknown}
 k - a scroll of fear {unknown}
 l - 3 scrolls of teleportation
 n - a scroll of enchant weapon {unknown}
 v - 2 scrolls of noise {unknown}
 y - a scroll of identify {unknown}
 A - a scroll of fog {unknown}
Potions
 d - a potion of brilliance {unknown}
 g - a potion of flight {unknown}
 m - a potion of magic {unknown}
 p - a potion of cancellation {unknown}
 r - 2 potions of curing {unknown}
 s - a potion of might {unknown}
 x - a potion of invisibility {unknown}
 z - a potion of haste {unknown}
 B - 2 potions of stabbing {unknown}
Comestibles
 C - 2 rations
 G - 5 chunks of flesh


   Skills:
 + Level 4.4 Fighting
 + Level 6.0 Long Blades
 + Level 4.4 Armour
 + Level 1.4 Dodging
 + Level 0.3 Stealth
 + Level 2.2 Invocations
 + Level 0.1 Evocations


You had 6 spell levels left.
You didn't know any spells.
Your spell library was empty.

Dungeon Overview and Level Annotations

Branches:
Dungeon (5/15)             Temple (0/1) D:4

Altars:
Cheibriados
Dithmenos
Gozag
Hepliaklqana
Kikubaaqudgha
Ru
Xom
Yredelemnul
Zin

Annotations:
D:3 1 exclusion


Message History

The ice beast is heavily wounded.
The ice beast hits you but does no damage.
You hit the ice beast.
The ice beast is heavily wounded.
The ice beast hits you but does no damage.
Your plate armour prevents you from hitting the ice beast.
The ice beast is heavily wounded.
The ice beast hits you but does no damage.
You hit the ice beast.
The ice beast is heavily wounded.
The ice beast hits you but does no damage.
You closely miss the ice beast.
The ice beast is heavily wounded.
The ice beast barely misses you.
Your plate armour prevents you from hitting the ice beast.
The ice beast is heavily wounded.
The ice beast hits you.
* * * LOW HITPOINT WARNING * * *
The ice beast freezes you!
You die...

### #.#.#. .......####.#
#.#.#.
............########.#.#.
)...........##.......#.#.
............##.#######.#.
?...........##.# #...#.##
............##.# #.#.#.#
(...........##.# #.#.#.##
......>Y@...##[###.......
............##......._...
............#####..#####.
.......####........#...#.
####### #..(.....#...#.
#........#A..#.
#........#####.
#.........)_)..
#.........).)..


You could see an ice beast.

Vanquished Creatures
  Sigmund (D:5)
  2 phantoms (D:4)
  A scorpion (D:4)
  An orc wizard (D:3)
  Natasha (thrice) (D:2)
  A worker ant (D:4)
  Robin (D:3)
  4 adders
  2 oozes (D:3)
  An adder skeleton (D:4)
  3 worms (D:3)
  A dart slug (D:3)
  4 leopard geckos
  12 orcs
  5 giant cockroaches
  11 goblins
  5 hobgoblins
  3 jackals (D:3)
  5 kobolds (D:2)
  A quokka (D:3)
  4 bats
  5 frilled lizards
  A leopard gecko skeleton (D:4)
  A quokka zombie (D:3)
  10 rats
88 creatures vanquished.

Vanquished Creatures (others)
  7 toadstools (D:1)
7 creatures vanquished.

Grand Total: 95 creatures vanquished

Notes
Turn   | Place    | Note
-------+----------+-------------------------------------------
     0 | Abyss:1  | deluxius the Human Abyssal Knight began the quest for the
                  | Orb.
     0 | Abyss:1  | Reached XP level 1. HP: 18/18 MP: 2/2
     0 | D:1      | Escaped the Abyss
   350 | D:1      | Reached XP level 2. HP: 23/24 MP: 3/3
   618 | D:1      | Reached * piety under Lugonu
  1108 | D:2      | Reached XP level 3. HP: 24/29 MP: 4/4
  1340 | D:2      | Noticed Natasha
  1363 | D:2      | Killed Natasha
  1363 | D:2      | Reached XP level 4. HP: 10/37 MP: 5/5
  1408 | D:2      | Noticed Natasha
  1436 | D:2      | Killed Natasha
  1436 | D:2      | Reached skill level 3 in Long Blades
  1804 | D:2      | Reached XP level 5. HP: 42/42 MP: 6/6
  1933 | D:2      | Noticed Natasha
  1941 | D:2      | Killed Natasha
  2029 | D:2      | Found a faded altar of an unknown god.
  2218 | D:3      | Found a hazy altar of Hepliaklqana.
  2237 | D:3      | Found a snail-covered altar of Cheibriados.
  2263 | D:3      | Found an opulent altar of Gozag.
  2270 | D:3      | Found a basalt altar of Yredelemnul.
  2275 | D:3      | Found a sacrificial altar of Ru.
  2282 | D:3      | Found an ancient bone altar of Kikubaaqudgha.
  2287 | D:3      | Found a shadowy altar of Dithmenos.
  2311 | D:3      | Noticed Robin
  2318 | D:3      | Reached skill level 4 in Long Blades
  2335 | D:3      | Killed Robin
  2412 | D:3      | Reached XP level 6. HP: 34/48 MP: 7/7
  2422 | D:3      | Reached ** piety under Lugonu
  3479 | D:4      | Found the +0 staff of Battle
  3529 | D:4      | Found a staircase to the Ecumenical Temple.
  3827 | D:4      | Noticed a phantom
  3906 | D:4      | Killed a phantom
  3906 | D:4      | Reached skill level 5 in Long Blades
  3906 | D:4      | Reached XP level 7. HP: 34/54 MP: 8/8
  4468 | D:5      | Entered Level 5 of the Dungeon
  4475 | D:5      | Found a hazy altar of Hepliaklqana.
  4593 | D:5      | Found a glowing silver altar of Zin.
  4593 | D:5      | Noticed an angel
  4595 | D:5      | Found a shimmering altar of Xom.
  4596 | D:5      | Noticed Sigmund
  4616 | D:5      | Killed Sigmund
  4616 | D:5      | Reached skill level 6 in Long Blades
  4841 | D:5      | Slain by an ice beast

Illustrated notes

Levels and vault maps discovered:
D:1:      nagdon_arrival_double_spiral, layout_basic
D:2:      layout_rooms, chequers_ecumenical_altar_lobes, uniq_natasha
D:3:      layout_rooms, grunt_temple_overflow_octagram, due_unseen_surprise,
          uniq_robin
D:4:      layout_basic, minmay_temple_entry_ruins, first_ration,
          corexii_checkpoint_b
D:5:      layout_basic, grunt_temple_overflow_order_and_chaos_1, basic_altar,
          uniq_sigmund, uniq_edmund, uniq_ijyb

Skill      XL: |  1  2  3  4  5  6  7 |
---------------+----------------------+-----
Long Blades    | 3 4 5 6 |  6.0
Armour         | 3 4 |  4.4
Fighting       | 4 |  4.4
Dodging        | |  1.4
Stealth        | |  0.3
Invocations    | |  2.2
Evocations     | |  0.1

Action                   |  1- 3 |  4- 6 |  7- 9 || total
-------------------------+-------+-------+-------++-------
Melee: Falchion          |    88 |   239 |    76 ||   403
       Unarmed           |       |     8 |       ||     8
Invok: Depart the Abyss  |     1 |       |       ||     1
Evoke: Wand              |       |       |     2 ||     2
  Use: Scroll            |       |     1 |       ||     1
  Eat: Chunk             |     2 |     2 |       ||     4
       Ration            |       |     2 |     1 ||     3
Armor: Leather armour    |     4 |       |       ||     4
       Chain mail        |    42 |       |       ||    42
       Plate armour      |    12 |   223 |    45 ||   280
Dodge: Dodged            |    41 |    61 |    10 ||   112
       Rpst.: Falchion   |    11 |    13 |     5 ||    29
